 Dungeon Crawl Stone Soup version 0.29.1-2-gbd0b4ee654 (webtiles) character file.

Game seed: 1839463659838785214

1 warriortoast the Sneak (level 1, 0/9 HPs)
             Began as a Spriggan Enchanter on Nov 21, 2022.
             Slain by a giant cockroach (2 damage)
             ... on level 1 of the Dungeon.
             The game lasted 00:00:48 (256 turns).

warriortoast the Sneak (Spriggan Enchanter)          Turns: 256, Time: 00:00:49

Health: 0/9        AC:  2    Str:  4    XL:     1   Next: 16%
Magic:  5/5        EV: 17    Int: 16    God:
Gold:   12         SH:  0    Dex: 15    Spells: 5/5 levels left

rFire   . . .      SeeInvis +   a - +1 dagger
rCold   . . .      Faith    .   (no shield)
rNeg    . . .      Spirit   .   b - +0 robe
rPois   .          Reflect  .   (helmet restricted)
rElec   .          Harm     .   (no cloak)
rCorr   .          Rampage  .   (gloves unavailable)
Will    .....                   (boots unavailable)
Stlth   +++.......              (no amulet)
HPRegen 0.03/turn               (no ring)
MPRegen 0.09/turn               (no ring)

@: very quick
A: very small, no large weapons, unfitting armour, see invisible, speed 3
a: no special abilities


You were on level 1 of the Dungeon.
You visited 1 branch of the dungeon, and saw 1 of its levels.

You collected 12 gold pieces.

Inventory:

Hand Weapons
 a - a +1 dagger (weapon)
Armour
 b - a +0 robe (worn)
Scrolls
 d - 2 scrolls of teleportation {unknown}
Potions
 c - 2 potions of invisibility


   Skills:
 + Level 1.1 Short Blades
 + Level 2.7 Dodging
 + Level 4.4 Stealth
 + Level 2.7 Spellcasting
 + Level 3.6 Hexes


You had 5 spell levels left.
You didn't know any spells.
Your spell library contained the following spells:

 Spells                   Type           Power      Damage    Failure   Level
 Confusing Touch          Hex            13%        N/A       13%         3
 Tukima's Dance           Hex            13%        N/A       13%         3
 Ensorcelled Hibernation  Hex/Ice        16%        N/A       14%         2
 Dazzling Flash           Conj/Hex       16%        N/A       26%         3


Dungeon Overview and Level Annotations

Branches:
Dungeon (1/15)

Altars:


Innate Abilities, Weirdness & Mutations

You are very small and have problems with some larger weapons.
You are too small for most types of armour.
You have supernaturally acute eyesight. (SInv)
You cover ground extremely quickly. (Speed+++)


Message History

The bat hits you but does no damage. The bat attacks as you move away!
The bat barely misses you. The bat closely misses you.
A frilled lizard comes into view.
The frilled lizard hisses angrily.
A giant cockroach comes into view.
The bat attacks as you move away! The bat barely misses you.
A giant cockroach comes into view.
The bat hits you but does no damage. The bat attacks as you move away!
The bat misses you. The bat attacks as you move away!
The bat completely misses you.
Found a large emerald ring.
The bat barely misses you. The giant cockroach misses you.
The bat attacks as you move away! The bat misses you.
Found 8 gold pieces.
The bat hits you but does no damage. The bat completely misses you.
You see here 8 gold pieces.
The bat closely misses you. The bat closely misses you.
The bat barely misses you. The bat attacks as you move away!
The bat hits you but does no damage. x2
The bat closely misses you.
You see here a ring of see invisible.
A giant cockroach comes into view.
The helpless giant cockroach fails to defend itself.
You impale the giant cockroach!!
You kill the giant cockroach!
The bat closely misses you. The bat attacks as you move away!
The bat misses you. The bat completely misses you.
A giant cockroach comes into view.
The bat closely misses you. The bat attacks as you move away!
The bat barely misses you. The giant cockroach barely misses you.
The bat hits you.
* * * LOW HITPOINT WARNING * * *
You hit the bat.
You kill the bat!
The giant cockroach bites you.
You die...

#.#.=.#.# #.#.#..#
##.......# #.#l#..#
###...#....# #.#h#..#
##...#.#.#...##.......
#..#.#.#.#.#.....$P...
#.##########.#.....♣.P
#.#.#.# #B#..#..♣♣..♣.
#...#†# #........._♣PP
###.B@# ..###..P.♣♣.P.
###...# #....♣♣♣♣.
##### #..h......
#......... ##.###..##
#.# #..## #.###..##
#......# ##.#.h.##


You could see a giant cockroach.

Vanquished Creatures
  A giant cockroach (D:1)
  A bat (D:1)
2 creatures vanquished.

Vanquished Creatures (others)
  A fungus (D:1)
  2 plants (D:1)
3 creatures vanquished.

Grand Total: 5 creatures vanquished

Notes
Turn   | Place    | Note
-------+----------+-------------------------------------------
     0 | D:1      | warriortoast the Spriggan Enchanter began the quest for the
                  | Orb.
     0 | D:1      | Reached XP level 1. HP: 9/9 MP: 5/5
   181 | D:1      | Found a faded altar of an unknown god.
   256 | D:1      | Slain by a giant cockroach

Illustrated notes

Levels and vault maps discovered:
D:1:      psy_arrival_radial02, layout_loops_ring,
          dreamdust_ecumenical_altar_grove, kennysheep_doodads,
          minmay_worlds_worst_comb

Action                   || total
-------------------------++-------
Melee: Dagger            ||     8
 Stab: Sleeping          ||     1
Armor: Robe              ||     9
Dodge: Dodged            ||    40
